 Dungeon Crawl Stone Soup version 0.19.5 (webtiles) character file.

66 joaoluisp the Chopper (level 3, 0/33 HPs)
             Began as a Minotaur Berserker on May 17, 2017.
             Was a Believer of Trog.
             Slain by an orc
             ... wielding a +0 hand axe
              (4 damage)
             ... on level 3 of the Dungeon.
             The game lasted 00:06:30 (2005 turns).

joaoluisp the Chopper (Minotaur Berserker)          Turns: 2005, Time: 00:06:31

Health: 0/33       AC:  2    Str: 22    XL:     3   Next: 96%
Magic:  2/2        EV: 12    Int:  4    God:    Trog [**....]
Gold:   87         SH:  0    Dex:  9    Spells: 0 memorised, 2 levels left

rFire  . . .     SeeInvis .     a - +0 hand axe
rCold  . . .     Gourm    .     b - +0 animal skin
rNeg   . . .     Faith    .     (no shield)
rPois  .         Spirit   .     (helmet restricted)
rElec  .         Reflect  .     (no cloak)
rCorr  .         Harm     .     (no gloves)
MR     .....                    (no boots)
Stlth  +.........               (no amulet)
                                (no ring)
                                (no ring)

@: exhausted, slowed, very slow
A: retaliatory headbutt, horns 2
a: Berserk, Trog's Hand, Burn Spellbooks, Renounce Religion


You were on level 3 of the Dungeon.
You worshipped Trog.
Trog was pleased with you.
You were not hungry.

You visited 1 branch of the dungeon, and saw 3 of its levels.

You collected 87 gold pieces.

Inventory:

Hand Weapons
 a - a +0 hand axe (weapon)
Armour
 b - a +0 animal skin (worn)
Jewellery
 k - an uncursed ring of positive energy {unknown}
Scrolls
 g - 3 scrolls of identify {unknown}
 i - a scroll of immolation {unknown}
 j - a scroll of enchant weapon {unknown}
Potions
 d - a potion of degeneration {unknown}
 e - 2 potions of curing {unknown}
 f - a potion of lignification {unknown}
 h - a potion of cancellation {unknown}
Comestibles
 c - 2 bread rations


   Skills:
 + Level 4.2 Fighting
 + Level 4.8 Axes
 + Level 3.0 Armour
 + Level 2.5 Dodging
 + Level 0.1 Stealth


You had 2 spell levels left.
You didn't know any spells.

Dungeon Overview and Level Annotations

Branches:
Dungeon (3/15)

Altars:
Qazlal


Innate Abilities, Weirdness & Mutations

You reflexively headbutt those who attack you in melee.
You have a pair of horns on your head.


Message History

* * * LOW HITPOINT WARNING * * *
The orc wizard hits you with a dagger.
* * * LOW HITPOINT WARNING * * *
The orc misses you. The orc hits you but does no damage.
The orc wizard barely misses you. You furiously retaliate!
You headbutt the orc wizard!
The orc priest calls upon Beogh to heal the orc.
The orc's wounds heal themselves!
The orc wizard casts a spell.
The orc wizard flickers and vanishes!
Deactivating autopickup; reactivate with Ctrl-A.
The hobgoblin barely misses you.
The orc priest casts a cantrip, but nothing happens.
The orc hits you but does no damage. Something hits you.
* * * LOW HITPOINT WARNING * * *
The orc misses you.
The hobgoblin hits you but does no damage.
The orc priest miscasts a cantrip.
The orc hits you with a hand axe.
You die...

.......†)......[?...##
.#####†.)............#
.....#................
#..................
###...###..........
###..............
#####..$.>.....
#######.........
.....##@........
#....o.......
###Sgoo......
##{........ #%.......#
.w.........
w.....w......
..#............
##..$..........


You could see a worm, an orc priest, an adder, a dart slug, 2 orcs and a
hobgoblin.

Vanquished Creatures
  An adder (D:2)
  A worm (D:2)
  A dart slug (D:2)
  2 leopard geckos
  A giant cockroach (D:1)
  4 goblins
  6 hobgoblins
  8 jackals
  A quokka (D:3)
  7 bats
  5 frilled lizards
  4 kobolds
  7 rats
48 creatures vanquished.

Notes
Turn   | Place    | Note
-------+----------+-------------------------------------------
     0 | D:1      | joaoluisp the Minotaur Berserker began the quest for the Orb.
     0 | D:1      | Reached XP level 1. HP: 19/19 MP: 0/0
   281 | D:1      | Reached XP level 2. HP: 19/27 MP: 1/1
   980 | D:2      | Reached ** piety under Trog
   984 | D:2      | Reached XP level 3. HP: 27/33 MP: 2/2
  1408 | D:2      | Found a stormy altar of Qazlal.
  2005 | D:3      | Slain by an orc

Skill      XL: |  1  2  3 |
---------------+----------+-----
Axes           | 4 |  4.8
Fighting       | 4 |  4.2
Armour         | 3 |  3.0
Dodging        | |  2.5
Stealth        | |  0.1

Action                   || total
-------------------------++-------
Melee: Hand axe          ||    74
       Headbutt          ||     7
Invok: Berserk           ||     1
  Eat: Bread ration      ||     1
Armor: Animal skin       ||    17
Dodge: Dodged            ||    87
